Map: Terrasses de Prion

Players

zidar

  • Race: Zerg Zerg
  • League: Silver
  • Spawn Location: 11:00

Draren - Winner!

  • Race: Protoss Protoss
  • League: Silver
  • Spawn Location: 5:00

VOD

Have the link to the VOD?

Description

Time

  • Played on: Jan. 10, 2016, 8:47 a.m.
  • Length: 10:55
Show
View Real Time Build Order
Export as new Build Order

zidar Zerg 

Build Orders: Pool First 

Get SALT Encoding   

  12  0:02  Drone  
  13  0:12  Overlord  
  13  0:17  Drone  
  14  0:30  Drone x2  
  14  0:34  Drone  
  17  0:47  Spawning Pool  
  17  0:49  Drone  
  17  1:17  Hatchery  
  16  1:19  Drone  
  16  1:23  Extractor, Drone  
  17  1:26  Drone  
  18  1:37  Queen  
  18  1:39  Drone  
  21  1:54  Drone  
  22  2:03  Overlord  
  22  2:12  Extractor, Drone  
  23  2:31  Zergling x2  
  23  2:32  Zergling x2  
  23  2:36  Queen  
  27  2:47  Metabolic Boost  
  27  2:50  Zergling x4  
  29  3:11  Drone x6  
  35  3:17  Roach Warren  
  34  3:24  Hatchery  
  32  3:44  Drone x3  
  35  3:51  Extractor  
  34  4:09  Overlord  
  34  4:10  Overlord x2  
  34  4:27  Queen  
  36  4:33  Roach x3  
  36  4:35  Roach  
  36  4:37  Roach x3  
  50  5:00  Drone  
  50  5:01  Drone x5  
  56  5:15  Zergling x2  
  56  5:18  Overlord x3  
  57  5:42  Ravager  
  58  5:44  Ravager x3  
  58  5:48  Roach x5  
  71  6:03  Lair  
  71  6:10  Extractor  
  70  6:11  Drone x5  
  70  6:13  Extractor  
  74  6:40  Drone x7  
  81  7:03  Overlord x2  
  81  7:04  Overlord  
  81  7:27  Evolution Chamber  
  81  7:29  Evolution Chamber  
  79  7:38  Roach  
  81  7:47  Infestation Pit  
  81  7:49  Hydralisk Den  
  65  8:06  Hatchery  
  47  8:14  Roach x9  
  47  8:15  Roach x17  
  57  9:00  Roach x7  
  57  9:01  Roach x7  
  71  9:15  Roach  
  71  9:16  Roach x2  
  65  9:31  Roach  
  65  9:32  Roach  
  65  9:37  Roach  
  65  9:38  Roach x3  
  77  9:45  Ravager x3  
  80  9:46  Ravager  
  80  9:51  Hydralisk x3  
  70  10:12  Hydralisk x4  
  82  10:27  Hydralisk x5  
Show
View Real Time Build Order
Export as new Build Order

Draren Protoss - Winner!

Build Orders:  

Get SALT Encoding   

  12  0:02  Probe (Chrono Boost)  
  13  0:19  Probe (Chrono Boost), Pylon  
  14  0:31  Probe (Chrono Boost)  
  15  0:41  Probe (Chrono Boost)  
  16  0:44  Gateway  
  16  0:47  Assimilator  
  16  1:00  Probe (Chrono Boost)  
  18  1:11  Probe (Chrono Boost)  
  18  1:22  Probe (Chrono Boost)  
  19  1:29  Gateway  
  19  1:32  Probe (Chrono Boost)  
  20  1:35  Pylon  
  20  1:38  Cybernetics Core  
  20  1:43  Probe (Chrono Boost)  
  21  1:50  Assimilator  
  21  1:52  Zealot  
  21  1:53  Probe (Chrono Boost)  
  24  2:04  Probe (Chrono Boost)  
  24  2:05  Pylon  
  25  2:17  Warp Gate (Chrono Boost)  
  25  2:19  Stalker  
  27  2:38  Mothership Core  
  27  2:44  Gateway  
  29  2:52  Pylon  
  28  2:59  Probe  
  29  3:07  Sentry  
  29  3:10  Stalker  
  33  3:13  Probe  
  34  3:23  Nexus  
  34  3:48  Probe  
  35  3:58  Robotics Facility  
  35  4:00  Probe, Pylon  
  36  4:07  Adept  
  36  4:08  Adept x2  
  42  4:13  Probe  
  43  4:24  Pylon  
  43  4:29  Adept x2  
  47  4:32  Sentry  
  47  4:33  Probe  
  50  4:44  Probe  
  50  4:45  Observer (Chrono Boost)  
  51  4:50  Adept  
  54  4:55  Probe, Adept  
  57  5:06  Pylon  
  57  5:13  Adept x2  
  57  5:14  Probe  
  61  5:20  Probe  
  63  5:24  Probe  
  64  5:32  Probe  
  64  5:35  Probe  
  65  5:39  Immortal (Chrono Boost)  
  70  5:44  Probe  
  71  5:50  Adept  
  73  6:03  Zealot  
  75  6:09  Probe  
  75  6:10  Forge  
  76  6:13  Immortal (Chrono Boost)  
  76  6:14  Assimilator  
  80  6:19  Assimilator  
  80  6:26  Adept, Pylon  
  86  6:48  Immortal (Chrono Boost)  
  86  6:55  Adept  
  86  6:56  Adept x2  
  92  7:05  Pylon  
  92  7:07  Pylon  
  92  7:23  Adept x2  
  92  7:24  Adept, Immortal (Chrono Boost)  
  102  7:41  Protoss Ground Weapons Level 1  
  100  7:58  Immortal (Chrono Boost)  
  92  8:20  Adept  
  92  8:21  Adept x2  
  98  8:33  Immortal (Chrono Boost)  
  102  8:40  Twilight Council  
  90  9:07  Immortal (Chrono Boost)  
  92  9:24  Adept x3  
  94  9:29  Pylon  
  98  9:32  Pylon  
  98  9:33  Gateway  
  98  9:35  Gateway  
  98  9:41  Immortal  
  102  10:12  Nexus  
  102  10:41  Adept x3  
  106  10:42  Pylon  
Tags
 
Add a new tag
Caveats
  • Supply blocks, unpowered buildings, or Contaminate may cause inaccurate times.
  • Supply counts are checked every 10 seconds.